 Dungeon Crawl Stone Soup version 0.29.1-2-gbd0b4ee654 (webtiles) character file.

Game seed: 6218833039992832176

8 Ackmard the Magician (level 2, 0/21 HPs)
             Began as a Djinni Ice Elementalist on Nov 11, 2022.
             Slain by a giant cockroach (1 damage)
             ... on level 1 of the Dungeon.
             The game lasted 00:02:16 (201 turns).

Ackmard the Magician (Djinni Ice Elementalist)       Turns: 201, Time: 00:02:17

Health: 0/21       AC:  2    Str:  7    XL:     2   Next: 15%
Gold:   4          EV: 12    Int: 16    God:
                   SH:  0    Dex: 13

rFire   + + .      SeeInvis .   (no weapon)
rCold   x . .      Faith    .   (no shield)
rNeg    . . .      Spirit   .   a - +0 robe
rPois   ∞          Reflect  .   (no helmet)
rElec   .          Harm     .   (no cloak)
rCorr   .          Rampage  .   (no gloves)
Will    .....                   (boots unavailable)
Stlth   ++........              (no amulet)
HPRegen 0.07/turn               (no ring)
MPRegen 0.00/turn               (no ring)

@: flying
A: sickness immunity, fire resistance 2, cold vulnerability 1, float, innate
caster, HP casting, extra vitality 1
a: no special abilities


You were on level 1 of the Dungeon.
You visited 1 branch of the dungeon, and saw 1 of its levels.

You collected 4 gold pieces.

Inventory:

Armour
 a - a +0 robe (worn)


   Skills:
 + Level 2.1 Dodging
 + Level 1.5 Stealth
 + Level 3.6 Spellcasting


You couldn't memorise any spells.
You knew the following spells:

 Your Spells              Type           Power      Damage    Failure   Level
a - Freeze                Ice            56%        1d7       4%          1
b - Frozen Ramparts       Ice            28%        1d5       12%         3
c - Ozocubu's Armour      Ice            14%        N/A       12%         3
d - Hailstorm             Conj/Ice       14%        3d5       36%         4
Your spell library was empty.

Dungeon Overview and Level Annotations

Branches:
Dungeon (1/15)

Altars:


Innate Abilities, Weirdness & Mutations

You are immune to sickness and miasma.
You are immune to poison.
Your flesh is very heat resistant. (rF++)
You are vulnerable to cold. (rC-)
You float through the air rather than walking.
You learn spells naturally, not from books.
Your magical power is your life essence.
You have superior vitality. (+4 MHP)


Message History

The giant cockroach attacks as you move away!
The giant cockroach misses you.
Things that are here:
a +0 dagger; a stone Your magical contamination has completely faded away.
The giant cockroach bites you but does no damage.
The giant cockroach barely misses you.
The giant cockroach attacks as you move away!
The giant cockroach barely misses you.
The giant cockroach attacks as you move away!
The giant cockroach barely misses you.
Casting: Freeze (safe; 4% risk of failure)
Confirm with . or Enter, or press ? or * to list all spells.
Okay, then.
Casting: Freeze (safe; 4% risk of failure)
Confirm with . or Enter, or press ? or * to list all spells.
You aren't experienced enough to cast this spell.
Casting: Freeze (safe; 4% risk of failure)
Confirm with . or Enter, or press ? or * to list all spells.
Aiming: Freeze (safe; 4% risk of failure)
Press: ? - help, Shift-Dir - straight line, f/p - giant cockroach
Aim: a giant cockroach You freeze the giant cockroach.
The giant cockroach is heavily wounded.
* * * LOW HITPOINT WARNING * * *
The giant cockroach bites you but does no damage.
The giant cockroach closely misses you.
Casting: Freeze (safe; 4% risk of failure)
Confirm with . or Enter, or press ? or * to list all spells.
You don't have enough health to cast this spell.
Unknown command.
The giant cockroach attacks as you move away!
The giant cockroach bites you but does no damage.
The giant cockroach attacks as you move away!
The giant cockroach closely misses you.
There is an open door here.
The giant cockroach closely misses you.
The giant cockroach attacks as you move away!
The giant cockroach bites you.
You die...

##.## #.†..#
##...## #.####
#≈.<.≈# ##.#
#≈...≈# #..#
#≈...≈# #)##
#≈...≈# ##.#
#≈...≈#######..#
##...###r.....##
#..@#...######
+8.8BJ###
##.##.# #.##.#
#+#..# ..## ###


You could see an endoplasm and a giant cockroach.

Vanquished Creatures
  2 ball pythons (D:1)
  A giant cockroach (D:1)
  A quokka (D:1)
  A frilled lizard (D:1)
  3 kobolds (D:1)
8 creatures vanquished.

Notes
Turn   | Place    | Note
-------+----------+-------------------------------------------
     0 | D:1      | Ackmard the Djinni Ice Elementalist began the quest for the
                  | Orb.
     0 | D:1      | Ackmard set off with the following spells memorised:
                  | Freeze, Frozen Ramparts, Ozocubu's Armour, Hailstorm.
     0 | D:1      | Reached XP level 1. HP: 15/15 MP: 0/0
   169 | D:1      | Reached XP level 2. HP: 14/21 MP: 0/0
   173 | D:1      | HP: 1/21 [frozen (6)]
   201 | D:1      | Slain by a giant cockroach

Illustrated notes

Levels and vault maps discovered:
D:1:      wander_arrival_chamber, layout_basic, chequers_ecumenical_altar_simple

Action                   || total
-------------------------++-------
Melee: Unarmed           ||     1
 Cast: Freeze            ||    16
Armor: Robe              ||     5
Dodge: Dodged            ||    25
